 Dungeon Crawl Stone Soup version 0.31-a0-702-gf82c85558f (webtiles) character file.

Game seed: 10343365183431462436

38 qw the Shooter (level 3, -5/22 HPs)
             Began as a Gargoyle Hunter on Sept 8, 2023.
             Slain by a gnoll
             ... wielding a +1 flail of protection
              (7 damage)
             ... on level 2 of the Dungeon.
             The game lasted 00:00:22 (825 turns).

qw the Shooter (Gargoyle Hunter)                     Turns: 825, Time: 00:00:23

Health: -5/22      AC:  8    Str: 14    XL:     3   Next: 43%
Magic:  3/3        EV: 11    Int:  9    God:
Gold:   54         SH:  0    Dex: 15    Spells: 2/2 levels left

rFire   . . .        Y - +0 shortbow
rCold   . . .        (shield currently unavailable)
rNeg    + . .        c - +0 leather armour
rPois   inf          i - +0 helmet
rElec   +            (no cloak)
rCorr   .            d - +0 pair of gloves
SInv    .            (no boots)
Will    .....        (no amulet)
Stlth   ++           (no ring)
HPRegen 0.23/turn    (no ring)
MPRegen 0.08/turn

%: no passive effects
@: no status effects
A: sickness immunity, AC +3, negative energy resistance 1, electricity
resistance, torment resistance 1, petrification resistance
a: no special abilities


You were on level 2 of the Dungeon.
You visited 1 branch of the dungeon, and saw 2 of its levels.

You collected 54 gold pieces.


Innate Abilities, Weirdness & Mutations

You are immune to sickness and miasma.
Your stone body is resilient. (AC +3)
You are immune to poison.
You resist negative energy. (rN+)
You are resistant to electric shocks. (rElec)
You are resistant to unholy torment.
You are immune to petrification.


   Skills:
 + Level 2.6 Fighting
 - Level 5.0 Ranged Weapons
 - Level 1.5 Dodging
 - Level 1.1 Stealth


You had 2 spell levels left.
You didn't know any spells.
Your spell library was empty.

Inventory:

Hand Weapons
 Y - a +0 shortbow (weapon)
Armour
 c - a +0 leather armour (worn)
 d - a +0 pair of gloves (worn)
 i - a +0 helmet (worn)
Potions
 g - a potion of curing

Dungeon Overview and Level Annotations

Branches:
Dungeon (2/15)

Altars:


Message History

There is an escape hatch in the floor here.
There is a stone staircase leading down here.
You climb downwards.
Found a dagger.
Found a stone staircase leading down.
There is a stone staircase leading up here.
Waypoint 1 assigned to D:2.
A gnoll comes into view. It is wielding a +0 club.
The gnoll shouts!
You shoot an arrow.
The arrow hits the gnoll but does no damage.
A gnoll comes into view.
It is wielding a +1 flail of protection.
You shoot an arrow. The arrow barely misses the gnoll.
The gnoll shouts!
The arrow hits the gnoll but does no damage.
You hear a shout!
A gnoll comes into view. It is wielding a +0 spear.
You shoot an arrow. The arrow barely misses the gnoll.
You shoot an arrow. The arrow hits the gnoll.
The gnoll is moderately wounded.
You shoot an arrow. The arrow barely misses the gnoll.
You shoot an arrow. The arrow hits the gnoll.
The gnoll is heavily wounded.
The gnoll barely misses you.
You shoot an arrow. The arrow hits the gnoll.
The gnoll is almost dead.
The gnoll hits you with a +0 club.
The gnoll hits you from afar with a +0 spear!
The gnoll hits you but does no damage.
The gnoll hits you with a +1 flail of protection.
You shoot an arrow. The arrow closely misses the gnoll.
The arrow completely misses the gnoll.
The gnoll hits you but does no damage. The gnoll barely misses you.
The gnoll hits you with a +0 club.
You shoot an arrow. The arrow hits the gnoll.
You kill the gnoll!
The gnoll completely misses you.
The gnoll hits you from afar with a +0 spear.
You shoot an arrow. The arrow closely misses the gnoll.
The gnoll hits you with a +1 flail of protection!
You die...

######
######......
#........#
#..<..)..#
#...@)g..#
#####g......
.......
.......
.......
.....##
..>..+
.....#


You could see 2 gnolls.

Vanquished Creatures
  A gnoll (D:2)
  3 ball pythons (D:1)
  3 endoplasms (D:1)
  2 giant cockroaches (D:1)
  5 goblins (D:1)
  3 hobgoblins (D:1)
  2 jackals (D:1)
  A quokka (D:1)
  A bat (D:1)
  A frilled lizard (D:1)
  2 kobolds (D:1)
  A rat (D:1)
25 creatures vanquished.

Notes
Turn   | Place    | Note
-------+----------+-------------------------------------------
     0 | D:1      | qw the Gargoyle Hunter began the quest for the Orb.
     0 | D:1      | Reached XP level 1. HP: 12/12 MP: 1/1
     0 | D:1      | 0 ||| qw: Version: 0.3-a-76-g4403597
     0 | D:1      | 0 ||| qw: Game counter: 1212
     0 | D:1      | 0 ||| qw: Melee chars always use a shield: true
     0 | D:1      | 0 ||| qw: God list: Okawaru
     0 | D:1      | 0 ||| qw: Allow faded altars: false
     0 | D:1      | 0 ||| qw: Do Orc after clearing Dungeon:15 true
     0 | D:1      | 0 ||| qw: Do second Lair branch before Depths: true
     0 | D:1      | 0 ||| qw: Lair rune preference: random
     0 | D:1      | 0 ||| qw: Goals: Normal
     0 | D:1      | 0 ||| PLANNING D:1-11
   175 | D:1      | Reached XP level 2. HP: 17/17 MP: 2/2
   546 | D:1      | Reached XP level 3. HP: 19/21 MP: 3/3
   569 | D:1      | Reached skill level 5 in Ranged Weapons
   776 | D:1      | 776 ||| UPGRADING to +0 pair of gloves.
   781 | D:1      | 781 ||| UPGRADING to +0 helmet.
   786 | D:1      | 786 ||| READING scroll labelled ASUTOI ONAE.
   787 | D:1      | 787 ||| READING scroll labelled CERYUMEL GIORISCH.
   790 | D:1      | 790 ||| READING scroll labelled SIEPHI MEH IWA.
   791 | D:1      | 791 ||| DRINKING 2 pink potions.
   792 | D:1      | 792 ||| DROPPING scroll of butterflies.
   823 | D:2      | HP: 5/21 [gnoll/+0 club (4)]
   824 | D:2      | HP: 2/21 [gnoll/+0 spear (3)]
   825 | D:2      | Slain by a gnoll

Levels and vault maps discovered:
D:1:      dpeg_arrival_simpleton_c, layout_loops_ring
D:2:      layout_basic, dreamdust_ecumenical_altar_hidden_monk_grotto,
          basic_altar

Skill      XL: |  1  2  3 |
---------------+----------+-----
Ranged Weapons | 5 |  5.0
Fighting       | |  2.6
Dodging        | |  1.5
Stealth        | |  1.1

Action                     || total
---------------------------++-------
   Fire: Shortbow          ||   102
    Use: Scroll            ||     3
         Potion            ||     1
 Armour: Leather armour    ||    42
  Dodge: Dodged            ||    44

Table legend:
 A = Non-vault XP
 B = Vault XP
 C = Vault XP percentage of total XP
 D = Non-vault monster count
 E = Vault monster count
 F = Vault count percentage of total count
                 A         B        C        D         E       F
            +---------+---------+-------+---------+---------+-------
      Total |      55 |       0 |   0.0 |      25 |       0 |   0.0
            +---------+---------+-------+---------+---------+-------
        D:1 |      41 |       0 |   0.0 |      24 |       0 |   0.0
        D:2 |      14 |       0 |   0.0 |       1 |       0 |   0.0
            +---------+---------+-------+---------+---------+-------
